 Dungeon Crawl Stone Soup version 0.29-a0-284-gf9362112df (webtiles) character file.

Game seed: 9043433056794692424

1110 Warped the Sneak (level 8, -1/57 HPs)
             Began as an Octopode Fighter on Mar 22, 2022.
             Was an Initiate of Nemelex Xobeh.
             Slain by a vampire (10 damage)
             ... on level 5 of the Dungeon.
             The game lasted 00:18:13 (5050 turns).

Warped the Sneak (Octopode Fighter)                 Turns: 5050, Time: 00:18:13

Health: -1/57      AC:  1    Str: 18    XL:     8   Next: 33%
Magic:  9/9        EV: 13    Int: 10    God:    Nemelex Xobeh [......]
Gold:   218        SH:  9    Dex: 11    Spells: 2/9 levels left

rFire   . . .      SeeInvis .   b - +4 dagger (speed)
rCold   . . .      Faith    .   q - +1 buckler
rNeg    . . .      Spirit   .   (helmet restricted)
rPois   .          Reflect  .   d - amulet of the acrobat
rElec   .          Harm     .   (no ring)
rCorr   .          Rampage  .   (no ring)
Will    .....                   (no ring)
Stlth   ++++......              (no ring)
HPRegen 0.19/turn               (no ring)
MPRegen 0.11/turn               (no ring)
                                (no ring)
                                (no ring)

@: no status effects
A: almost no armour, amphibious, 8 rings, camouflage 1, gelatinous body 1,
(nimble swimmer 1), tentacles, large bone plates 1, mutation resistance 1,
passive freeze
a: Renounce Religion, Draw Escape, Draw Destruction, Draw Summoning


You were on level 5 of the Dungeon.
You worshipped Nemelex Xobeh.
Nemelex Xobeh was noncommittal.
You visited 2 branches of the dungeon, and saw 7 of its levels.

You collected 218 gold pieces.

Inventory:

Hand Weapons
 a - a +0 rapier
 b - a +4 dagger of speed (weapon)
 n - a +0 mace of protection
Missiles
 h - 86 stones
 o - a poisoned dart (quivered)
Armour
 q - a +1 buckler (worn)
Jewellery
 d - an amulet of the acrobat (around mantle)
 v - an amulet of faith
Wands
 e - a wand of flame (16)
Potions
 c - a potion of mutation
 m - 2 potions of resistance
 r - 2 potions of flight
 u - a potion of attraction


   Skills:
 - Level 5.8 Fighting
 - Level 5.5 Short Blades
 - Level 3.3 Dodging
 + Level 7.2 Stealth
 - Level 3.3 Shields
 + Level 1.2 Spellcasting
 + Level 0.0 Transmutations
 + Level 1.2 Ice Magic
 + Level 0.0 Invocations


You had 2 spell levels left.
You knew the following spells:

 Your Spells              Type           Power      Damage    Failure   Level
a - Frozen Ramparts       Ice            6%         1d2       63%         3
b - Ice Form              Ice/Tmut       1%         N/A       98%         4

Your spell library contained the following spells:

 Spells                   Type           Power      Damage    Failure   Level
 Magic Dart               Conj           0%         1d3       41%         1
 Searing Ray              Conj           0%         2d4       56%         2
 Inner Flame              Hex/Fire       0%         N/A       80%         3
 Summon Ice Beast         Ice/Summ       1%         N/A       98%         4
 Cause Fear               Hex            0%         N/A       99%         4
 Fulminant Prism          Conj/Hex       0%         3d6       99%         4
 Passage of Golubria      Tloc           0%         N/A       99%         4
 Silence                  Hex/Air        0%         N/A       100%        5
 Discord                  Hex            0%         N/A       100%        8
 Lehudib's Crystal Spear  Conj/Erth      0%         10d2      100%        8


Dungeon Overview and Level Annotations

Branches:
Dungeon (6/15)             Temple (1/1) D:5

Altars:
Elyvilon
Gozag
Hepliaklqana
Kikubaaqudgha
Makhleb
Nemelex Xobeh
Qazlal
Ru
Uskayaw
Wu Jian
Yredelemnul
The Shining One

Shops:
D:4 (

Annotations:
D:4 Grinder


Innate Abilities, Weirdness & Mutations

You cannot wear most types of armour.
You are amphibious.
You can wear up to eight rings at the same time.
Your skin changes colour to match your surroundings (Stealth+).
Your rubbery body absorbs attacks. (AC +1, EV +1)
((You are camouflaged when in or above water. (Stealth+)))
You have tentacles for arms and can constrict up to eight enemies at once.
You are partially covered in large bone plates. (SH +4)
You are somewhat resistant to further mutation.
A frigid envelope surrounds you and freezes all who hurt you.


Message History

The vampire is heavily damaged.
The vampire misses you.
Okay, then.
Unknown command.
Unknown command.
Unknown command.
Unknown command.
Unknown command.
Unknown command.
Unknown command.
Unknown command.
Unknown command.
Unknown command.
Unknown command.
Unknown command.
Unknown command.
Unknown command.
Unknown command.
Unknown command.
Unknown command.
Your magical effects are unravelling.
You feel magically purged.
You feel less confused. The vampire closely misses you. The vampire misses you.
You hit the vampire but do no damage. Your grab misses the vampire.
You squeeze the vampire.
The vampire is severely damaged.
You hit the vampire but do no damage. Your grab misses the vampire.
The vampire is severely damaged.
The vampire closely misses you. You block the vampire's attack.
You hit the vampire but do no damage. You grab the vampire.
You squeeze the vampire, but do no damage.
The vampire is severely damaged.
You constrict the vampire. The vampire hits you!
* * * LOW HITPOINT WARNING * * *
The vampire resists.
The vampire is very cold.
The vampire is almost destroyed.
The vampire bites you!
You die...
Your body disappears without a glow.

#.#...........#
..............#####
.#................#
...###########....#
.....# #....#
.....# +....#
#...## #....###
#...# ####...#
..... #..@..##
..... #..V..#
####'## .........#
.........#
.........#
.........#
#####+####


You could see a vampire.

Vanquished Creatures
  2 sky beasts (D:6)
  An ice beast (D:6)
  A black bear (D:6)
  2 ogres (D:6)
  2 necrophages
  2 scorpions (D:4)
  A hound (D:6)
  An orc priest (D:6)
  An iguana (D:4)
  4 orc wizards
  3 gnolls (D:3)
  5 adders
  A white imp (D:3)
  2 worms (D:2)
  2 dart slugs
  11 orcs
  5 bats
  6 endoplasms
  2 giant cockroaches
  3 goblins
  3 hobgoblins
  4 kobolds
  6 quokkas
  9 ball pythons
  2 frilled lizards
  8 rats
89 creatures vanquished.

Notes
Turn   | Place    | Note
-------+----------+-------------------------------------------
     0 | D:1      | Warped the Octopode Fighter began the quest for the Orb.
     0 | D:1      | Reached XP level 1. HP: 16/16 MP: 1/1
    84 | D:1      | Reached skill level 1 in Stealth
   103 | D:1      | Reached XP level 2. HP: 21/21 MP: 2/2
   312 | D:1      | Reached skill level 2 in Stealth
   739 | D:1      | Found a faded altar of an unknown god.
   927 | D:2      | Reached XP level 3. HP: 26/26 MP: 3/3
  1877 | D:2      | Reached skill level 3 in Stealth
  1877 | D:2      | Reached XP level 4. HP: 31/31 MP: 4/4
  2231 | D:3      | Gained mutation: You are frail. (-10% HP) [potion of
                  | mutation]
  2231 | D:3      | Gained mutation: A frigid envelope surrounds you and
                  | freezes all who hurt you. [potion of mutation]
  2231 | D:3      | Gained mutation: You have a pair of small antennae on your
                  | head. [potion of mutation]
  2239 | D:3      | Lost mutation: You have a pair of small antennae on your
                  | head. [potion of mutation]
  2239 | D:3      | Lost mutation: You are frail. (-10% HP) [potion of
                  | mutation]
  2239 | D:3      | Gained mutation: You are frail. (-10% HP) [potion of
                  | mutation]
  2239 | D:3      | Gained mutation: Your spells are a little easier to cast,
                  | but a little less powerful. [potion of mutation]
  2466 | D:3      | Lost mutation: You are frail. (-10% HP) [potion of
                  | mutation]
  2466 | D:3      | Lost mutation: Your spells are a little easier to cast, but
                  | a little less powerful. [potion of mutation]
  2466 | D:3      | Gained mutation: You are partially covered in large bone
                  | plates. (SH +4) [potion of mutation]
  2466 | D:3      | Gained mutation: You are somewhat resistant to further
                  | mutation. [potion of mutation]
  2926 | D:3      | Reached XP level 5. HP: 34/37 MP: 5/5
  2953 | D:4      | Noticed an ice beast
  3005 | D:4      | Reached skill level 4 in Stealth
  3316 | D:4      | Noticed Grinder
  3392 | D:4      | Reached XP level 6. HP: 44/44 MP: 6/6
  3455 | D:4      | Reached skill level 5 in Stealth
  3548 | D:4      | Found Tewoc's Antique Weapon Emporium.
  3779 | D:4      | Noticed Grinder
  3779 | D:4      | Grinder changed into Grinder the chaos spawn
  3813 | D:4      | You fall into a shaft and drop 2 floors!
  3813 | D:6      | Noticed an orc warrior
  3813 | D:6      | Noticed a sky beast
  3836 | D:6      | Killed a sky beast
  3837 | D:6      | Reached skill level 5 in Fighting
  3837 | D:6      | Reached XP level 7. HP: 17/50 MP: 7/7
  3986 | D:6      | Reached skill level 6 in Stealth
  4109 | D:6      | Reached skill level 5 in Short Blades
  4309 | D:6      | Learned a level 3 spell: Frozen Ramparts
  4490 | D:6      | Reached skill level 7 in Stealth
  4490 | D:6      | Reached XP level 8. HP: 54/57 MP: 8/8
  4567 | D:6      | Reached skill level 1 in Spellcasting
  4567 | D:6      | Reached skill level 1 in Ice Magic
  4853 | D:5      | Entered Level 5 of the Dungeon
  4886 | D:5      | Found a staircase to the Ecumenical Temple.
  4920 | D:5      | Learned a level 4 spell: Ice Form
  4921 | Temple   | Entered the Ecumenical Temple
  4966 | Temple   | Became a worshipper of Nemelex Xobeh the Trickster
  5031 | D:5      | Noticed a vampire
  5050 | D:5      | Slain by a vampire

Illustrated notes

Levels and vault maps discovered:
D:1:      nagdon_arrival_double_spiral, layout_basic,
          chequers_ecumenical_altar_grove
D:2:      layout_basic, minmay_misc_feat_doors, grunt_decor_one_mirror
D:3:      layout_basic
D:4:      layout_cave_pods, mainiacjoe_overflow_alcove_1,
          cheibrodos_sewer_entry_sluice, serial_shops, nicolae_shop_trees,
          mrwooster_statue_mirror, uniq_grinder
D:5:      layout_gridville, minmay_overflow_temple_star_quad,
          minmay_temple_entry_slanted, uniq_duvessa, uniq_eustachio
D:6:      layout_loops_ring
Temple:   minmay_temple_bridge_abc

Skill      XL: |  1  2  3  4  5  6  7  8 |
---------------+-------------------------+-----
Stealth        | 1 2 3 4 5 7 |  7.2
Short Blades   | 3 4 5 |  5.5
Fighting       | 4 5 |  5.8
Spellcasting   | 1 |  1.2
Ice Magic      | 1 |  1.2
Dodging        | |  3.3
Shields        | |  3.3

Action                   |  1- 3 |  4- 6 |  7- 9 || total
-------------------------+-------+-------+-------++-------
Melee: Rapier            |    48 |       |       ||    48
       Constrict         |    11 |    19 |     8 ||    38
       Tentacles         |    10 |    10 |    13 ||    33
       Dagger            |    11 |    96 |    53 ||   160
       Punch             |       |     2 |       ||     2
Throw: Dart              |       |    11 |     7 ||    18
Evoke: Wand              |       |     7 |     4 ||    11
  Use: Scroll            |       |    10 |     2 ||    12
       Potion            |       |     8 |     2 ||    10
 Stab: Sleeping          |    17 |     5 |     2 ||    24
       Distracted        |       |     1 |     1 ||     2
Armor: Skin              |     3 |     3 |       ||     6
Dodge: Dodged            |    12 |    32 |    31 ||    75
Block: Buckler           |     9 |    32 |    20 ||    61

Table legend: (Time is in decaauts)
 A = Elapsed time spent in this place.
 B = Non-inter-level travel time spent in this place.
 C = Inter-level travel time spent in this place.
 D = Time resting spent in this place.
 E = Time spent auto-exploring this place.
 F = Levels seen in this place.
 G = Mean time per level.
                   A        B        C        D        E       F      G
               +--------+--------+--------+--------+--------+-----+--------+
         Total |   4975 |   4770 |    205 |   1370 |   2437 |   7 |  710.7 |
       Dungeon |   4892 |   4705 |    187 |   1370 |   2427 |   6 |  815.3 |
        Temple |     82 |     64 |     18 |      0 |     10 |   1 |   82.0 |
               +--------+--------+--------+--------+--------+-----+--------+

Top non-repeatable levels by time:
     D:3: 1310 daAuts
     D:6: 1039 daAuts
     D:2: 1029 daAuts
     D:1: 902 daAuts
     D:4: 523 daAuts
     D:5: 87 daAuts
  Temple: 82 daAuts
